 Dungeon Crawl Stone Soup version 0.27-a0-1049-g450f9b2e0d (webtiles) character file.

Game seed: 7953071791868269246

12851 kae the Grappler (level 11, -6/126 (128) HPs)
             Began as a Naga Transmuter on Apr 20, 2021.
             Was a High Priest of Cheibriados.
             Mangled by Jorgrun
             ... wielding a staff of earth
              (8 damage)
             ... while petrified by Jorgrun
             ... on level 12 of the Dungeon.
             The game lasted 00:08:58 (14809 turns).

kae the Grappler (Naga Transmuter)                 Turns: 14809, Time: 00:08:58

HP:   -6/126 (128)  AC: 13    Str: 28    XL:     11   Next: 99%
MP:   0/20          EV: -2    Int: 33    God:    Cheibriados [*****.]
Gold: 1597          SH:  0    Dex: 25    Spells: 9/22 levels left

rFire    . . .     SeeInvis +     - Unarmed
rCold    . . .     Faith    .   (shield currently unavailable)
rNeg     + + +     Spirit   +   (armour currently unavailable)
rPois    ∞         Reflect  .   (helmet currently unavailable)
rElec    .         Harm     .   (cloak currently unavailable)
rCorr    .         Rampage  .   (gloves currently unavailable)
Will     +....                  (no barding)
Stlth    ++........             d - amulet of guardian spirit
HPRegen  0.31/turn              f - +4 ring of protection
MPRegen  0.17/turn              s - +6 ring of intelligence

@: hydra-form, petrified, grasped by roots, constricted, lightly drained, very
slow
A: fast swimmer, devour, amphibious, boosted hp, AC +3, very large, see
invisible, (deformed body), (poison resistance), (slowness 2), spit poison 1,
(naga tail 1)
a: Spit Poison, End Transformation, Renounce Religion, Bend Time, Temporal
Distortion, Slouch, Step From Time


You were on level 12 of the Dungeon.
You worshipped Cheibriados.
Cheibriados was extremely pleased with you.
You were a seven-headed hydra.
You visited 1 branch of the dungeon, and saw 13 of its levels.
You also visited: Sewer.

You collected 1597 gold pieces.

Inventory:

Missiles
 r - a throwing net
 t - a curare-tipped dart
Armour
 a - a +0 robe (melded)
 l - a +0 cloak (melded)
 n - a +0 cloak
Jewellery
 d - an amulet of guardian spirit (around neck)
 f - a +4 ring of protection (left foreclaw)
 o - a ring of flight
 s - a +6 ring of intelligence (right foreclaw)
 x - a +4 ring of evasion
 y - a ring of protection from fire
Wands
 u - a wand of paralysis (25)
 v - a wand of flame (13)
 C - a wand of digging (6)
Scrolls
 i - 2 scrolls of holy word
 j - a scroll of brand weapon
 z - 3 scrolls of magic mapping
 A - 2 scrolls of identify
 B - a scroll of vulnerability {unknown}
Potions
 b - a potion of attraction
 c - 5 potions of curing
 e - a potion of haste
 g - a potion of might
 h - 3 potions of mutation {unknown}
 m - 5 potions of heal wounds {unknown}
 q - 3 potions of brilliance {unknown}
 w - 4 potions of flight {unknown}


   Skills:
 + Level 6.6 Fighting
 + Level 5.7 Dodging
 * Level 10.2 Unarmed Combat
 + Level 6.2 Spellcasting
 * Level 9.7 Transmutations
 - Level 3.0 Ice Magic
 - Level 3.0 Poison Magic
 + Level 5.7 Invocations


You had 9 spell levels left.
You knew the following spells:

 Your Spells              Type           Power      Damage    Failure   Level
a - Beastly Appendage     Tmut           100%       N/A       1%          1
b - Spider Form           Tmut/Pois      25%        N/A       1%          3
c - Ice Form              Ice/Tmut       51%        N/A       3%          4
d - Hydra Form            Tmut           32%        N/A       2%          5

Your spell library contained the following spells:

 Spells                   Type           Power      Damage    Failure   Level
 Freeze                   Ice            100%       1d11      1%          1
 Wereblood                Tmut           65%        N/A       1%          2
 Frozen Ramparts          Ice            60%        1d8       3%          3
 Ozocubu's Armour         Ice            30%        N/A       3%          3
 Animate Skeleton         Necr           20%        N/A       4%          1
 Pain                     Necr           40%        1d6       4%          1
 Petrify                  Tmut/Erth      42%        N/A       5%          4
 Blade Hands              Tmut           32%        N/A       12%         6
 Confusing Touch          Hex            10%        N/A       13%         3
 Gell's Gravitas          Tloc           5%         N/A       13%         3
 Vampiric Draining        Necr           5%         2d6       13%         3
 Irradiate                Conj/Tmut      21%        3d20      16%         5
 Yara's Violent Unravell  Hex/Tmut       21%        3d10      16%         5
 Hailstorm                Conj/Ice       20%        3d6       22%         4
 Animate Dead             Necr           5%         N/A       38%         4
 Metabolic Englaciation   Hex/Ice        10%        N/A       54%         5
 Dragon Form              Tmut           32%        N/A       54%         7
 Statue Form              Tmut/Erth      28%        N/A       65%         6
 Agony                    Necr           10%        N/A       75%         5


Dungeon Overview and Level Annotations

Branches:
Dungeon (13/15)            Temple (0/1) D:6            Lair (0/6) D:8
    Orc (0/2) D:9           Sewer (visited)
 Vaults: D:13-14

Altars:
Cheibriados
Gozag
Trog
Wu Jian
Xom

Shops:
D:2 [   D:10 ([(([

Annotations:
D:2 1 runed translucent door, Crazy Yiuf
D:8 3 runed translucent doors, exclusion: fire dragon, Hasart's ghost, novice DsFi
D:12 Jorgrun; Maurice


Innate Abilities, Weirdness & Mutations

You are a seven-headed hydra.
You swim very quickly.
You can devour living enemies to heal.
You are amphibious.
Your maximum health is greatly increased.
Your armour is entirely melded.
You are incapable of wielding weapons or throwing items.
((Your serpentine skin is tough. (AC +3)))
You have supernaturally acute eyesight. (SInv)
((Armour fits poorly on your strangely shaped body.))
((Your system is resistant to poisons. (rPois)))
((You cover ground very slowly.))
You can spit poison.
((You have a snake-like lower body.))


Message History

The howler monkey hoots and howls with incredible vigour! x2
You hear a roar! x2
The howler monkey closely misses you.
Some rock shatters into small pieces.
Okay, then.
As you read the scroll of fear, it crumbles to dust.
You assume a fearsome visage.
Jorgrun resists with almost no effort.
The howler monkey looks frightened! x2
Okay, then.
As you read the scroll of fear, it crumbles to dust.
You assume a fearsome visage.
Jorgrun resists with almost no effort.
Jorgrun points at you and mumbles some strange words.
You resist with significant effort.
A wight comes into view. It is wielding a +0 flail.
Jorgrun gestures at you while chanting.
You are slowing down.
Jorgrun points at you and mumbles some strange words.
The wall shatters!
The blast of rock fragments hits you.
* * * LOW HITPOINT WARNING * * *
Your limbs are stiffening.
Unknown command.
Unknown command.
Unknown command.
Unknown command.
Jorgrun gestures at you while chanting.
Roots burst forth from the earth!
The grasping roots grab you!
* * * LOW HITPOINT WARNING * * *
The grasping roots constrict you! The wight hits you with a +0 flail.
* * * LOW HITPOINT WARNING * * *
You feel drained.
Jorgrun gestures at the rock wall while chanting.
You hear a grinding noise.
The grasping roots constrict you.
You have turned to stone.
Jorgrun says, "Tha earth be me home, an' ye be trespassing!"
* * * LOW HITPOINT WARNING * * *
The grasping roots constrict you! The wight hits you but does no damage.
The wight hits you but does no damage.
Jorgrun points at the rock wall and mumbles some strange words.
Some rock shatters into small pieces.
You die...

.. #.....###...#..##
. #...#..#..#..###
##. .#.#...###.....#
...# ..#h..#...#....#
....#..#h.#.....#...#
.....#####........[.#
....#..#..#.....#...#
..g#..(......g......#
###...#.#...#...D.>.#
#..#...#..#...z....#
###.....###.........#
#.....#..#.....##.#
#.....#...#....# ..
#.#...#.#........ .
#...#.#...#.....#..
...(............'..P
.......#.##..


You could see Jorgrun and a wight.

Vanquished Creatures
  Harold (D:7)
  A hydra (D:10)
  A two-headed ogre (D:9)
  A cyclops (D:12)
  Joseph (D:8)
  Psyche (D:12)
  5 trolls
  A spriggan (D:11)
  2 wyverns (D:10)
  A vampire (D:10)
  3 wraiths
  Sigmund (D:6)
  12 yaks
  2 acid dragons (D:8)
  A water moccasin (D:7)
  5 orc warriors
  3 sky beasts
  An ice beast (D:6)
  3 ogres
  2 black bears
  4 centaurs
  A phantom (D:6)
  3 kobold brigands
  3 bullfrogs
  4 scorpions
  2 wyvern zombies (D:7)
  A water moccasin zombie (D:5)
  A water moccasin skeleton (D:5)
  4 killer bees (D:8)
  10 wights
  3 howler monkeys
  2 bullfrog zombies
  5 hounds
  A jelly (D:7)
  7 centaur zombies
  An orc priest (D:7)
  A gnoll shaman (D:9)
  A centaur skeleton (D:6)
  3 iguanas
  3 orc wizards
  6 gnolls
  11 adders
  2 shadow imps (D:8)
  2 white imps
  2 worms
  3 dart slugs
  18 orcs
  13 ball pythons
  7 endoplasms
  3 giant cockroaches
  2 goblins (D:1)
  5 hobgoblins
  24 jackals
  2 quokkas
  4 bats
  6 frilled lizards
  28 kobolds
  6 rats
252 creatures vanquished.

Vanquished Creatures (others)
  A fungus (D:2)
  11 plants (Sewer)
12 creatures vanquished.

Grand Total: 264 creatures vanquished

Notes
Turn   | Place    | Note
-------+----------+-------------------------------------------
     0 | D:1      | kae the Naga Transmuter began the quest for the Orb.
     0 | D:1      | Reached XP level 1. HP: 18/18 MP: 3/3
   491 | D:1      | Reached XP level 2. HP: 24/25 MP: 3/5
  1080 | D:1      | Reached XP level 3. HP: 31/31 MP: 4/6
  1084 | D:1      | Learned a level 3 spell: Spider Form
  1135 | D:1      | Found a faded altar of an unknown god.
  1765 | D:2      | Reached XP level 4. HP: 24/39 MP: 5/7
  2192 | D:2      | Found Ludo Lia's Armour Boutique.
  2593 | D:2      | Found a runed translucent door.
  2594 | D:2      | Noticed Crazy Yiuf
  3202 | D:3      | Reached XP level 5. HP: 26/45 MP: 4/8
  3476 | D:3      | Reached skill level 4 in Unarmed Combat
  3480 | D:3      | Reached skill level 1 in Poison Magic
  3709 | D:3      | Found a shimmering altar of Xom.
  3709 | D:3      | Found an opulent altar of Gozag.
  3740 | D:3      | Found an ornate altar of the Wu Jian Council.
  3742 | D:3      | Found a bloodstained altar of Trog.
  3742 | D:3      | Found a snail-covered altar of Cheibriados.
  3754 | D:3      | Became a worshipper of Cheibriados the Contemplative
  3798 | D:3      | Identified a scroll of acquirement
  3798 | D:3      | Acquired 964 gold pieces
  4899 | D:4      | Noticed a black bear
  4904 | D:4      | Reached XP level 6. HP: 49/52 MP: 1/9
  4912 | D:4      | Killed a black bear
  5322 | D:5      | Entered Level 5 of the Dungeon
  5497 | D:5      | Reached * piety under Cheibriados
  5498 | D:5      | Reached XP level 7. HP: 57/61 MP: 9/11
  5708 | D:5      | Reached skill level 5 in Unarmed Combat
  6039 | D:5      | Reached XP level 8. HP: 56/69 MP: 8/12
  6238 | D:5      | Reached skill level 5 in Transmutations
  6584 | D:6      | Noticed Sigmund
  6593 | D:6      | Killed Sigmund
  6613 | D:6      | Reached skill level 6 in Unarmed Combat
  6621 | D:6      | Reached ** piety under Cheibriados
  6643 | D:6      | Found a glowing drain.
  6663 | Sewer    | Entered a sewer
  7126 | Sewer    | Reached *** piety under Cheibriados
  7514 | D:6      | Learned a level 4 spell: Ice Form
  7520 | D:6      | Learned a level 5 spell: Hydra Form
  7754 | D:6      | Reached XP level 9. HP: 75/78 MP: 11/15
  7814 | D:6      | Reached skill level 1 in Ice Magic
  7986 | D:6      | Found a staircase to the Ecumenical Temple.
  7994 | D:6      | Reached skill level 1 in Invocations
  8642 | D:7      | Reached skill level 7 in Unarmed Combat
  9033 | D:7      | Noticed Harold
  9046 | D:7      | Reached **** piety under Cheibriados
  9286 | D:7      | Killed Harold
  9287 | D:7      | Reached XP level 10. HP: 50/87 MP: 1/16
  9688 | D:8      | Reached skill level 8 in Unarmed Combat
  9828 | D:8      | Found a runed translucent gate.
  9859 | D:8      | Found a runed translucent gate.
  9860 | D:8      | Found a runed translucent gate.
  9860 | D:8      | Noticed Hasart's ghost (novice DsFi)
  9915 | D:8      | Noticed Joseph
  9933 | D:8      | Killed Joseph
  9934 | D:8      | Reached skill level 5 in Fighting
 10470 | D:8      | Reached skill level 5 in Spellcasting
 10559 | D:8      | Found a staircase to the Lair.
 10559 | D:8      | Noticed a fire dragon
 11451 | D:9      | Found a staircase to the Orcish Mines.
 11457 | D:9      | Reached ***** piety under Cheibriados
 11635 | D:9      | Reached skill level 9 in Unarmed Combat
 11983 | D:9      | Noticed a two-headed ogre
 11990 | D:9      | Killed a two-headed ogre
 11991 | D:9      | Reached skill level 5 in Dodging
 11991 | D:9      | Reached XP level 11. HP: 71/97 MP: 7/19
 12175 | D:9      | You fall into a shaft and drop 2 floors!
 13536 | D:10     | Entered Level 10 of the Dungeon
 13552 | D:10     | Found Guinuol's Antique Weapon Shoppe.
 13726 | D:10     | Noticed a seven-headed hydra
 13733 | D:10     | Reached skill level 5 in Invocations
 13733 | D:10     | Killed a seven-headed hydra
 14035 | D:10     | Found Idoen's Antique Weapon Boutique.
 14055 | D:10     | Found Ynoogil's Antique Armour Shop.
 14193 | D:10     | Found Qiwaong's Antique Weapon Boutique.
 14244 | D:10     | Found Byubetiv's Armour Shop.
 14307 | D:10     | Reached skill level 10 in Unarmed Combat
 14541 | D:10     | You fall into a shaft and drop 3 floors!
 14542 | D:13     | Noticed a white ugly thing
 14574 | D:12     | Noticed Psyche
 14579 | D:12     | Killed Psyche
 14645 | D:12     | Noticed Maurice
 14774 | D:12     | Noticed a cyclops
 14787 | D:12     | Killed a cyclops
 14795 | D:12     | Noticed Jorgrun
 14807 | D:12     | HP: 6/128 [wight/+0 flail (2)]
 14808 | D:12     | HP: 2/126 [Jorgrun/staff of earth (4)]
 14809 | D:12     | Mangled by Jorgrun

Illustrated notes

Levels and vault maps discovered:
D:1:      ncdulo_halloftheorcs, layout_basic,
          shapermc_ecumenical_altar_notcrosses, hangedman_glass_teeth,
          minmay_tripent
D:2:      minmay_alternating_diamond, layout_loops_cross, serial_shops, shop,
          hangedman_decor_opposing, uniq_crazy_yiuf_cottage
D:3:      minmay_door_path, layout_basic, grunt_temple_overflow_open,
          minivault_14, chequers_arboretum
D:4:      layout_loops_ring, minmay_pentomino_pile
D:5:      layout_gridville, grunt_decor_clamped, grunt_ministairs_9
D:6:      layout_loops_ring, minmay_temple_entry_grid, serial_glass,
          glass_columns_b, glass_columns_b, gup_sewer_entry_glass, uniq_sigmund
D:7:      layout_rooms, uniq_harold
D:8:      layout_loops_corners, minmay_lair_entry_lava,
          gammafunk_ghost_nasty_kobolds, chequers_serial_rivers_room_b,
          uniq_joseph
D:9:      layout_roguey, david_orc_3
D:10:     layout_gridville, serial_shops, nicolae_shop_stone,
          nicolae_shop_statue_plus, nicolae_shop_trees, nicolae_shop_crystal,
          shop_fountains
D:11:     layout_small_grid, serial_rivers, chequers_serial_rivers_small_b,
          chequers_serial_rivers_marsh, chequers_serial_rivers_marsh,
          chequers_serial_rivers_micro_a, chequers_serial_rivers_room_a,
          chequers_serial_rivers_large_b, the_bakery
D:12:     layout_roguey, serial_undead, serial_undead_b, serial_undead_d,
          serial_undead_b, serial_undead_e, hex_medium, minmay_splitting_lines,
          onia_ninara_cookie, uniq_maurice, uniq_jorgrun, uniq_psyche
D:13:     layout_layer_cave, lightli_vaults_fourway_checkpoint

Skill      XL: |  1  2  3  4  5  6  7  8  9 10 11 |
---------------+----------------------------------+-----
Dodging        | 2 3 4 5 |  5.7
Transmutations | 3 4 6 7 8 9 |  9.7
Unarmed Combat | 4 5 6 7 9 10 | 10.2
Poison Magic   | 2 3 |  3.0
Fighting       | 2 3 4 5 6 |  6.6
Spellcasting   | 3 4 5 6 |  6.2
Ice Magic      | 3 |  3.0
Invocations    | 2 4 5 |  5.7

Action                   |  1- 3 |  4- 6 |  7- 9 | 10-12 || total
-------------------------+-------+-------+-------+-------++-------
Melee: Unarmed           |    54 |   125 |   302 |   227 ||   708
       Headbutt          |     3 |    13 |     4 |       ||    20
       Punch             |     1 |     3 |     4 |       ||     8
 Cast: Beastly Appendage |    13 |    36 |     3 |       ||    52
       Spider Form       |       |     2 |    35 |       ||    37
       Hydra Form        |       |       |     1 |    31 ||    32
 Abil: Spit Poison       |    18 |    41 |    12 |       ||    71
  Use: Scroll            |     2 |     7 |     6 |     6 ||    21
       Potion            |       |       |     2 |       ||     2
 Stab: Sleeping          |       |       |     1 |       ||     1
Armor: Robe              |     8 |    36 |    72 |    19 ||   135
       Skin              |       |     4 |    37 |   116 ||   157
Dodge: Dodged            |    28 |    90 |   347 |   170 ||   635

Table legend: (Time is in decaauts)
 A = Elapsed time spent in this place.
 B = Non-inter-level travel time spent in this place.
 C = Inter-level travel time spent in this place.
 D = Time resting spent in this place.
 E = Time spent auto-exploring this place.
 F = Levels seen in this place.
 G = Mean time per level.
                   A        B        C        D        E       F      G
               +--------+--------+--------+--------+--------+-----+--------+
         Total |  22449 |  21665 |    784 |    743 |  18871 |  14 | 1603.5 |
       Dungeon |  20818 |  20034 |    784 |    743 |  17415 |  13 | 1601.4 |
         Sewer |   1631 |   1631 |      0 |      0 |   1456 |   1 | 1631.0 |
               +--------+--------+--------+--------+--------+-----+--------+

Top non-repeatable levels by time:
    D:11: 2572 daAuts
     D:8: 2528 daAuts
     D:1: 2056 daAuts
     D:7: 1801 daAuts
     D:6: 1785 daAuts
    D:10: 1731 daAuts
     D:9: 1646 daAuts
     D:4: 1645 daAuts
   Sewer: 1631 daAuts
     D:3: 1608 daAuts
     D:5: 1541 daAuts
     D:2: 1509 daAuts
    D:12: 383 daAuts
    D:13: 8 daAuts
